 Dungeon Crawl Stone Soup version bcrawl-1.28.1b (webtiles) character file.

Game seed: 16350417167184641361

462233 Morbidden the Cleaver (level 14, -3/118 HPs)
             Began as a Red Draconian Archaeologist on Dec 30, 2020.
             Was the Champion of Cheibriados.
             Slain by an ettin
             ... wielding a +0 dire flail
              (31 damage)
             ... on level 12 of the Dungeon.
             The game lasted 00:47:45 (22020 turns).

Morbidden the Cleaver (DrAc)                       Turns: 22020, Time: 00:47:45

Health: -3/118     AC: 20    Str: 40    XL:     14   Next: 93%
Magic:  26/26      EV: 21    Int: 38    God:    Cheibriados [******]
Gold:   701        SH:  8    Dex: 26    Spells: 23/29 levels left

rFire    + . .     SeeInvis .   O - +5 war axe (venom)
rCold    . . .     Gourm    .   n - +0 buckler
rNeg     . . .     Faith    .   (armour unavailable)
rPois    +         Spirit   .   C - +2 hat {Int+3}
rElec    .         Reflect  .   K - +2 cloak
rCorr    .         Harm     .   F - +0 pair of gloves of the Little Devil {+Inv rPois Str+8} (curse)
MR       +....     Clarity  +   c - +2 pair of boots
Stlth    ++++++....             I - amulet of regeneration
HPRegen  1.07/turn              w - +3 ring of protection
MPRegen  0.20/turn              S - ring of Roasuom {*Slow rPois Str+3 Stlth++}

@: short of breath, slowed, very slow
A: breathe fire, unfitting armour, antennae 1, stinger 1, clarity, clever 1,
fire resistance 1, cold-blooded, MP-powered wands, AC +8
a: Breathe Fire, Bend Time, Temporal Distortion, Slouch, Step From Time,
Renounce Religion, Evoke Invisibility


You were on level 12 of the Dungeon.
You worshipped Cheibriados.
Cheibriados was exalted by your worship.
You were hungry.

You visited 3 branches of the dungeon, and saw 19 of its levels.
You also visited: Ice Cave.

You collected 1308 gold pieces.
You spent 607 gold pieces at shops.

Inventory:

Hand Weapons
 O - a +5 war axe of venom (weapon)
Missiles
 H - 50 poisoned tomahawks (quivered)
 P - 139 javelins
Armour
 c - a +2 pair of boots (worn)
 f - a +0 cloak of magic resistance
 n - a +0 buckler (worn)
 C - a +2 hat of intelligence (worn)
 F - the cursed +0 pair of gloves of the Little Devil (worn) {+Inv rPois Str+8}
   (You found it on level 9 of the Dungeon)

   It affects your strength (+8).
   It protects you from poison.
   It lets you turn invisible.
   It has a curse placed upon it.
 K - a +2 cloak (worn)
Jewellery
 r - an uncursed ring of resist corrosion
 w - a +3 ring of protection (left hand)
 A - an uncursed ring of insulation
 I - an amulet of regeneration (around neck)
 L - the ring of Qanuell {Fire Slay+3}
   (You found it on level 1 of the Lair of Beasts)

   [ring of fire]

   It enhances your fire magic.
   It affects your accuracy and damage with ranged weapons and melee attacks
   (+3).
   It protects you from fire.
   It makes you vulnerable to cold.
 M - an uncursed ring of see invisible
 S - the ring of Roasuom (right hand) {*Slow rPois Str+3 Stlth++}
   (You acquired it in an ice cave)

   [ring of stealth]

   It affects your strength (+3).
   It protects you from poison.
   It may slow you when you take damage.
   It makes you much more stealthy.
Wands
 a - a wand of flame (1)
 m - a wand of enslavement (4)
 t - a wand of clouds (8)
 D - a wand of polymorph (18)
 E - a wand of random effects (12)
 J - a wand of iceblast (4)
 V - a wand of scattershot (6)
Scrolls
 d - 3 scrolls of magic mapping
 i - a scroll of enchant armour
 k - 2 scrolls of fog
 l - 10 scrolls of remove curse
 o - 4 scrolls of amnesia
 p - 2 scrolls of enchant weapon
 v - 8 scrolls of identify
 y - 5 scrolls of teleportation
 Q - a scroll of silence
 R - a scroll of noise
 T - a scroll of vulnerability
 U - a scroll of torment
Potions
 g - 5 potions of curing
 h - a potion of brilliance
 q - 2 potions of mutation
 s - a potion of resistance
 u - 2 potions of invisibility
 z - 2 potions of agility
 B - a potion of magic
 G - 2 potions of flight
 N - a potion of might
Miscellaneous
 b - a lamp of fire
Comestibles
 e - 30 rations {!d}
 j - 2 chunks of flesh


   Skills:
 * Level 9.6 Fighting
 * Level 13.5(13.7) Axes
   Level 3.9(9.8) Maces & Flails
 + Level 2.4 Throwing
 * Level 10.0 Dodging
 + Level 5.9 Stealth
 + Level 5.0 Shields
 * Level 8.1 Spellcasting
 * Level 5.7 Charms
 * Level 6.1 Necromancy
 * Level 8.6 Invocations
 * Level 8.1 Evocations


You had 23 spell levels left.
You knew the following spells:

 Your Spells              Type           Power        Failure   Level  Hunger
a - Vampiric Draining     Necr           ######....   1%          3    None
b - Regeneration          Chrm/Necr      ######....   1%          3    None

Your spell library contained the following spells:

 Spells                   Type           Power        Failure   Level  Hunger
 Animate Skeleton         Necr           N/A          1%          1    None
 Infusion                 Chrm           ######..     1%          1    None
 Pain                     Necr           ######       1%          1    None
 Throw Frost              Conj/Ice       ###...       2%          2    None
 Animate Dead             Necr           N/A          3%          4    ###....
 Apportation              Tloc           ###...       4%          1    None
 Freeze                   Ice            ###...       4%          1    None
 Sandblast                Erth           ###...       4%          1    None
 Slow                     Hex            ###.....     4%          1    None
 Summon Butterflies       Summ           ###.....     4%          1    None
 Ozocubu's Armour         Chrm/Ice       #####...     4%          3    None
 Bolt of Draining         Conj/Necr      #####.....   34%         5    #####..
 Ice Form                 Ice/Tmut       ###.....     41%         4    ###....
 Summon Ice Beast         Ice/Summ       ###.....     41%         4    ###....
 Throw Icicle             Conj/Ice       ###.....     41%         4    ###....


Dungeon Overview and Level Annotations

Branches:
Dungeon (12/12)            Temple (1/1) D:5            Lair (6/6) D:8
  Swamp (0/3) Lair:4       Spider (0/3) Lair:4        Slime (0/5) Lair:5
    Orc (0/1) D:11
 Vaults: D:11-12     Depths: D:12

Altars:
Ashenzari
Cheibriados
Dithmenos
Elyvilon
Fedhas
Gozag
Hepliaklqana
Kikubaaqudgha
Lugonu
Makhleb
Nemelex Xobeh
Okawaru
Qazlal
Ru
Sif Muna
Trog
Uskayaw
Vehumet
Wu Jian
Xom
Yredelemnul
Zin
The Shining One
Jiyva

Shops:
D:4 ?   D:6 [   D:10 *

Portals:
Trove: D:11 (give 6 scrolls of blinking)

Annotations:
D:2 1 runed door
Lair:2 exclusion: 2 oklob plants
Lair:5 3 runed translucent doors, Jeban's ghost, journeyman OpFi
Lair:6 2 runed doors


Innate Abilities, Weirdness & Mutations

You can breathe blasts of fire.
Your fiery red scales are hard. (AC +8)
You cannot fit into any form of body armour.
Your flesh is heat resistant. (rF+)
You are cold-blooded and may be slowed by cold attacks.
You have a pair of small antennae on your head.
Your tail ends in a poisonous barb.
You possess an exceptional clarity of mind.
Your mind is acute. (Int +2)
You expend magic power (3 MP) to strengthen your wands.


Message History

You slice the hornet!!
The hornet is poisoned.
You block the hornet's attack.
The ettin is engulfed in blazing flames.
You block the ettin's attack. The ettin misses you.
The ogre mage hits you from afar with a +0 vampiric spear.
You block the hornet's attack.
No path to travel!
You hit the ettin but do no damage.
The ettin looks more poisoned.
The ettin is heavily wounded.
You slash the hornet!
You kill the hornet!
Cheibriados appreciates the change of pace.
The ettin is engulfed in blazing flames.
The ettin hits you with a +0 dire flail!!!
The ettin hits you with a +0 dire flail of protection!!
* * * LOW HITPOINT WARNING * * *
The ogre mage closely misses you.
The ettin is engulfed in blazing flames.
You block the ettin's attack.
The ettin hits you with a +0 dire flail of protection!!
You die...

..# .. .. .# ..#
. #O.#...
###c.O.# #†@C#
##.### #..# #.
#. #.## ##.
+####.
#(..#.######....
......
#...........#
....#
#.####.....#.
... # #..##...#
#.## ####.## .#


You could see an ettin, a two-headed ogre, an ogre mage and a yaktaur.

Vanquished Creatures
  Nessos (D:12)
  2 entropy weavers (Lair:6)
  9 hydras
  2 two-headed ogres
  2 centaur warriors
  A queen ant (Lair:6)
  9 death yaks
  Nergalle (Lair:2)
  A goliath frog (Lair:6)
  A fire crab (Lair:5)
  2 lindwurms (Lair:6)
  A swamp dragon (Lair:4)
  A necromancer (IceCv)
  A wolf spider (Lair:5)
  An oklob plant (Lair:1)
  3 ugly things
  A manticore (Lair:4)
  6 elephants
  4 ice statues (IceCv)
  3 molten gargoyles (Lair:6)
  6 black mambas
  3 centaur skeletons
  5 rime drakes
  A kobold demonologist (D:11)
  12 cane toads
  A torpor snail (Lair:5)
  15 komodo dragons
  An efreet (D:12)
  7 ice devils
  3 jumping spiders (Lair:4)
  A guardian mummy (D:11)
  3 hornets
  2 polar bears
  2 trolls
  Grinder (D:5)
  7 hippogriffs
  4 slime creatures
  16 blink frogs
  A shadow (D:11)
  7 redbacks (Lair:4)
  8 wyverns
  2 vampires
  A water elemental (D:11)
  A human (D:8)
  27 yaks
  4 basilisks
  Eustachio (D:5)
  3 hogs (D:8)
  A steam dragon (Lair:6)
  3 vampire mosquitoes (D:12)
  16 crocodiles
  5 hell hounds (Lair:6)
  11 water moccasins
  2 acid dragons
  20 soldier ants (Lair:6)
  6 porcupines
  2 ice beasts
  3 sky beasts
  11 orc warriors
  2 black bears
  A phantom (D:6)
  2 ogres
  2 centaurs
  4 big kobolds
  13 bullfrogs
  A scorpion (D:7)
  7 wights
  A howler monkey (D:4)
  An electric eel (D:11)
  4 crimson imps
  4 lava snakes (Lair:6)
  A draconian simulacrum (IceCv)
  4 hounds
  6 centaur zombies
  2 jellies
  5 orc priests
  5 iguanas
  10 orc wizards
  3 spriggan simulacra (IceCv)
  26 worker ants
  4 troll simulacra (IceCv)
  2 centaur simulacra (IceCv)
  A hound skeleton (D:4)
  2 howler monkey zombies (D:7)
  A worker ant zombie (D:7)
  Robin (D:2)
  8 gnolls
  8 adders
  2 shadow imps
  An adder zombie (D:6)
  An adder skeleton (D:8)
  4 worms
  3 dart slugs
  6 leopard geckos
  38 orcs
  3 giant cockroaches (D:1)
  12 goblins
  7 hobgoblins
  11 jackals
  17 kobolds
  3 quokkas
  7 bats
  A frilled lizard (D:1)
  8 rats
  A fungus (Lair:6)
  3 plants
536 creatures vanquished.

Vanquished Creatures (others)
  A soldier ant (Lair:6)
  A lava snake (Lair:6)
  2 bushes (Lair:6)
  17 fungi
  26 plants
47 creatures vanquished.

Grand Total: 583 creatures vanquished

Notes
Turn   | Place    | Note
-------+----------+-------------------------------------------
     0 | D:1      | Morbidden the Draconian Archaeologist began the quest for
                  | the Orb.
     0 | D:1      | Reached XP level 1. HP: 16/16 MP: 1/1
   200 | D:1      | Reached XP level 2. HP: 19/23 MP: 2/2
   780 | D:1      | Reached XP level 3. HP: 28/28 MP: 3/3
  1157 | D:2      | Found a sacrificial altar of Ru.
  1493 | D:2      | Noticed Robin
  1628 | D:2      | Identified the cursed ring "Ycityhoirph" {+Inv Stlth--}
  1655 | D:2      | Reached XP level 4. HP: 34/36 MP: 4/4
  1792 | D:2      | Killed Robin
  1837 | D:2      | Found a runed door.
  2135 | D:3      | Found a shimmering blue altar of Sif Muna.
  2274 | D:3      | Reached skill level 1 in Spellcasting
  2361 | D:3      | Noticed a phantom
  2523 | D:2      | Gained mutation: You are frail. (-10% HP) [potion of
                  | mutation]
  2523 | D:2      | Gained mutation: You have a pair of small antennae on your
                  | head. [potion of mutation]
  2523 | D:2      | Gained mutation: Your mind is acute. (Int +2) [potion of
                  | mutation]
  2718 | D:3      | Lost mutation: Your mind is acute. (Int +2) [potion of
                  | mutation]
  2718 | D:3      | Lost mutation: You are frail. (-10% HP) [potion of
                  | mutation]
  2718 | D:3      | Gained mutation: Your tail ends in a poisonous barb.
                  | [potion of mutation]
  2718 | D:3      | Gained mutation: You expend magic power (3 MP) to
                  | strengthen your wands. [potion of mutation]
  2718 | D:3      | Gained mutation: Your mind is acute. (Int +2) [potion of
                  | mutation]
  2718 | D:3      | Gained mutation: You possess an exceptional clarity of
                  | mind. [potion of mutation]
  3140 | D:4      | Reached XP level 5. HP: 28/41 MP: 6/6
  3140 | D:4      | Identified a scroll of acquirement
  4357 | D:4      | Found Ydiqused's Magic Scroll Shoppe.
  4360 | D:4      | Noticed a sky beast
  4398 | D:4      | Killed a sky beast
  4399 | D:4      | Reached XP level 6. HP: 35/50 MP: 4/8
  4552 | D:4      | Bought a scroll of blinking for 75 gold pieces
  4717 | D:4      | Reached skill level 1 in Evocations
  4790 | D:5      | Entered Level 5 of the Dungeon
  4796 | D:5      | Noticed Eustachio
  4881 | D:5      | Your scales start taking on a fiery red colour.
  4881 | D:5      | Reached XP level 7. HP: 33/57 MP: 6/10
  4881 | D:5      | Gained mutation: Your flesh is heat resistant. (rF+) [Red
                  | Draconian growth]
  4894 | D:5      | Killed Eustachio
  4895 | D:5      | Reached skill level 5 in Dodging
  4989 | D:5      | Found a staircase to the Ecumenical Temple.
  5058 | Temple   | Entered the Ecumenical Temple
  5256 | Temple   | Became a worshipper of Cheibriados the Contemplative
  5503 | D:5      | Noticed Grinder
  5533 | D:5      | Killed Grinder
  5533 | D:5      | Reached * piety under Cheibriados
  5534 | D:5      | Reached skill level 1 in Axes
  5534 | D:5      | Reached skill level 1 in Invocations
  5661 | D:5      | Reached skill level 1 in Shields
  5661 | D:5      | Reached XP level 8. HP: 46/66 MP: 12/12
  5802 | D:5      | Found a hazy altar of Hepliaklqana.
  5957 | D:6      | Found a glowing silver altar of Zin.
  6023 | D:6      | Reached skill level 2 in Axes
  6281 | D:6      | Found Naogus's Antique Armour Shoppe.
  6939 | D:7      | Reached skill level 3 in Axes
  7169 | D:7      | Reached skill level 4 in Axes
  7306 | D:7      | Found a snail-covered altar of Cheibriados.
  7364 | D:7      | Found a bloodstained altar of Trog.
  7377 | D:7      | Found a blossoming altar of Fedhas.
  7379 | D:7      | Found a sacrificial altar of Ru.
  7421 | D:7      | Noticed a troll
  7431 | D:7      | Killed a troll
  7432 | D:7      | Reached XP level 9. HP: 42/72 MP: 14/14
  8233 | D:8      | Found a staircase to the Lair.
  8234 | D:8      | Noticed an elephant
  8247 | D:8      | Reached skill level 5 in Axes
  8251 | D:8      | Reached ** piety under Cheibriados
  8268 | D:8      | HP: 2/73 [elephant (15)]
  8271 | D:8      | Killed an elephant
  8272 | D:8      | Reached skill level 5 in Fighting
  8544 | D:8      | Reached skill level 6 in Axes
  8663 | D:8      | Found a radiant altar of Vehumet.
  8814 | D:8      | Found a radiant altar of Vehumet.
  9350 | D:8      | Reached XP level 10. HP: 59/81 MP: 16/16
  9651 | D:9      | Noticed a five-headed hydra
  9661 | D:9      | Killed a five-headed hydra
  9662 | D:9      | Reached skill level 7 in Axes
  9695 | D:9      | Noticed a brown ugly thing
  9817 | D:9      | Reached *** piety under Cheibriados
  9835 | D:9      | Found an opulent altar of Gozag.
  9864 | D:9      | Got a pair of twisted gloves
 10412 | D:9      | Identified the cursed +0 pair of gloves of the Little Devil
                  | {+Inv rPois Str+8} (You found it on level 9 of the Dungeon)
 10474 | D:9      | Noticed an eight-headed hydra
 10481 | D:9      | Killed an eight-headed hydra
 10482 | D:9      | Reached skill level 5 in Evocations
 10489 | D:9      | Killed a brown ugly thing
 10490 | D:9      | Reached skill level 8 in Axes
 10490 | D:9      | Reached skill level 5 in Spellcasting
 10910 | D:10     | Entered Level 10 of the Dungeon
 11023 | D:10     | Reached XP level 11. HP: 91/91 MP: 18/18
 11070 | D:10     | Reached **** piety under Cheibriados
 11178 | D:10     | Noticed a two-headed ogre
 11187 | D:10     | Killed a two-headed ogre
 11188 | D:10     | Reached skill level 5 in Invocations
 11433 | D:10     | Reached skill level 9 in Axes
 11523 | D:10     | Noticed a five-headed hydra
 11531 | D:10     | Killed a six-headed hydra
 11676 | D:10     | Reached ***** piety under Cheibriados
 11825 | D:10     | Noticed a centaur warrior
 11902 | D:10     | Noticed a green ugly thing
 11912 | D:10     | Killed a green ugly thing
 12007 | D:10     | Found Gythusar's Assorted Antiques.
 12011 | D:10     | Killed a centaur warrior
 12057 | D:10     | Bought a potion of heal wounds for 165 gold pieces
 12057 | D:10     | Bought an encrusted jade ring for 165 gold pieces
 12228 | D:6      | Bought an embroidered cloak for 202 gold pieces
 12291 | Lair:1   | Entered Level 1 of the Lair of Beasts
 12301 | Lair:1   | Reached skill level 10 in Axes
 12415 | Lair:1   | Reached skill level 1 in Throwing
 12543 | Lair:1   | Learned a level 3 spell: Vampiric Draining
 12547 | Lair:1   | Learned a level 3 spell: Regeneration
 12717 | Lair:1   | Noticed an oklob plant
 12737 | Lair:1   | Killed an oklob plant
 12739 | Lair:1   | Got a faintly glowing glass ring
 12770 | Lair:1   | Identified the ring of Qanuell {Fire Slay+3} (You found it
                  | on level 1 of the Lair of Beasts)
 13142 | Lair:2   | Found a basalt altar of Yredelemnul.
 13181 | Lair:2   | Noticed an oklob plant
 13182 | Lair:2   | Noticed an oklob plant
 13392 | Lair:2   | Reached skill level 1 in Charms
 13392 | Lair:2   | Reached skill level 1 in Necromancy
 13480 | Lair:2   | Reached XP level 12. HP: 94/100 MP: 20/20
 13720 | Lair:2   | Noticed Nergalle
 13727 | Lair:2   | Killed Nergalle
 14238 | Lair:3   | Reached skill level 11 in Axes
 14240 | Lair:3   | Reached skill level 5 in Stealth
 14463 | Lair:3   | Reached ****** piety under Cheibriados
 15351 | Lair:4   | Found a hole to the Spider Nest.
 15362 | Lair:4   | Reached XP level 13. HP: 80/107 MP: 16/23
 15799 | Lair:4   | Found a staircase to the Swamp.
 16970 | Lair:5   | Reached skill level 12 in Axes
 17359 | Lair:5   | Noticed a minotaur
 17359 | Lair:5   | Noticed Jeban's ghost (journeyman OpFi)
 17387 | Lair:5   | Found a runed translucent gate.
 17387 | Lair:5   | Found a runed translucent gate.
 17387 | Lair:5   | Found a runed translucent gate.
 17797 | Lair:5   | Found a viscous altar of Jiyva.
 17798 | Lair:5   | Found a staircase to the Slime Pits.
 18215 | Lair:6   | Entered Level 6 of the Lair of Beasts
 18366 | Lair:6   | Found a frozen archway.
 18385 | Lair:6   | Reached XP level 14. HP: 74/116 MP: 25/25
 18429 | IceCv    | Entered an ice cave
 18466 | IceCv    | Reached skill level 5 in Necromancy
 18520 | IceCv    | Identified the ring of Roasuom {*Slow rPois Str+3 Stlth++}
                  | (You acquired it in an ice cave)
 18520 | IceCv    | Identified the Grimoire of Combat Magic (You acquired it in
                  | an ice cave)
 19320 | Lair:6   | Reached skill level 5 in Charms
 19416 | Lair:6   | Reached skill level 13 in Axes
 20209 | Lair:6   | Found a large runed door.
 20210 | Lair:6   | Found a large runed door.
 21127 | D:11     | Found a staircase to the Orcish Mines.
 21363 | D:11     | Reached skill level 10 in Dodging
 21494 | D:11     | Found a portal to a secret trove of treasure.
 21890 | D:12     | Entered Level 12 of the Dungeon
 21890 | D:12     | Found a bloodstained altar of Trog.
 21918 | D:12     | Noticed Nessos
 21935 | D:12     | Killed Nessos
 21936 | D:12     | Reached skill level 5 in Shields
 22020 | D:12     | Slain by an ettin

Skill      XL: |  1  2  3  4  5  6  7  8  9 10 11 12 13 14 |
---------------+-------------------------------------------+-----
Dodging        | 3 4 5 6 7 8 9 10 | 10.0
Maces & Flails | 2 3 |  3.9
Fighting       | 2 3 4 5 6 7 8 9 |  9.6
Spellcasting   | 1 2 3 4 5 6 7 8 |  8.1
Evocations     | 1 2 3 4 5 6 7 8 |  8.1
Axes           | 1 4 6 8 10 11 12 13 | 13.5
Invocations    | 1 2 3 4 5 6 7 8 |  8.6
Shields        | 1 2 3 4 5 |  5.0
Stealth        | 4 5 |  5.9
Throwing       | 1 2 |  2.4
Charms         | 1 3 4 5 |  5.7
Necromancy     | 1 3 4 6 |  6.1

Action                   |  1- 3 |  4- 6 |  7- 9 | 10-12 | 13-15 || total
-------------------------+-------+-------+-------+-------+-------++-------
Melee: Whip              |   200 |   298 |       |       |       ||   498
       Tailslap          |    16 |    38 |    36 |   121 |   170 ||   381
       Flail             |       |   104 |    61 |       |       ||   165
       War axe           |       |       |   226 |   469 |   639 ||  1334
Throw: Tomahawk          |       |       |       |    23 |    55 ||    78
 Cast: Regeneration      |       |       |       |    10 |     6 ||    16
       Vampiric Draining |       |       |       |    20 |    16 ||    36
Invok: Slouch            |       |       |       |     1 |     5 ||     6
 Abil: Breathe Fire      |       |       |    19 |    28 |    21 ||    68
       Evoke Invisibilit |       |       |       |     2 |       ||     2
Evoke: Wand              |       |     9 |     4 |     8 |    10 ||    31
       Lamp of fire      |       |       |       |     1 |     2 ||     3
  Use: Scroll            |     2 |     3 |     2 |     6 |    14 ||    27
       Potion            |       |    10 |     4 |     2 |     2 ||    18
 Stab: Sleeping          |     6 |     3 |     3 |    10 |    15 ||    37
       Confused          |       |       |     2 |       |       ||     2
       Distracted        |       |       |       |     1 |     5 ||     6
       Invisible         |       |       |       |    16 |       ||    16
  Eat: Chunk             |     7 |     7 |    21 |    27 |    25 ||    87
       Ration            |       |     4 |       |     1 |     2 ||     7
Armor: Skin              |    65 |   149 |   133 |   137 |   160 ||   644
Dodge: Dodged            |   118 |   218 |   203 |   484 |   540 ||  1563
Block: Buckler           |       |    21 |    75 |   226 |   240 ||   562
